 Dungeon Crawl Stone Soup version 0.17.1-2-g5865329 (webtiles) character file.

44 inmateoo the Vexing (level 3, -6/24 HPs)
             Began as a Vampire Enchanter on Feb 2, 2016.
             Mangled by a gnoll
             ... wielding a +0 halberd
              (17 damage)
             ... on level 2 of the Dungeon.
             The game lasted 00:02:19 (1245 turns).

inmateoo the Vexing (Vampire Enchanter)             Turns: 1245, Time: 00:02:20

Health: -6/24      AC:  3    Str:  7    XL:     3   Next: 39%
Magic:  4/6        EV: 13    Int: 18    God:
Gold:   30         SH:  0    Dex: 14    Spells: 3 memorised, 0 levels left

rFire  . . .     SeeInvis +     a - +1 dagger
rCold  . . .     Clarity  .     b - +1 robe
rNeg   . . .     SustAt   .     (no shield)
rPois  .         Gourm    .     (no helmet)
rElec  .         Spirit   .     (no cloak)
rCorr  .         Warding  .     (no gloves)
rMut   .         Stasis   .     (no boots)
MR     .....                    (no amulet)
Stlth  +++.......               (no ring)
                                (no ring)

@: regenerating quickly, not resistant to hostile enchantments, fairly stealthy
A: fangs 3, see invisible, unbreathing
a: no special abilities


You were on level 2 of the Dungeon.
You were very full.

You visited 1 branch of the dungeon, and saw 2 of its levels.

You collected 30 gold pieces.

Inventory:

Hand Weapons
 a - a +1 dagger (weapon)
Armour
 b - a +1 robe (worn)
Scrolls
 e - a scroll of identify {unknown}
 f - a scroll of amnesia {unknown}
 g - a scroll of noise {unknown}
 i - a scroll of remove curse {unknown}
 j - a scroll of enchant weapon {unknown}
Potions
 d - 2 potions of blood
 h - a potion of curing {unknown}
Books
 c - a book of Maledictions

   Spells                             Type                      Level
   a - Corona                         Hexes                        1
   b - Ensorcelled Hibernation        Hexes/Ice                    2
   c - Confuse                        Hexes                        3
   d - Tukima's Dance                 Hexes                        3
   e - Dazzling Spray                 Conjuration/Hexes            3


   Skills:
 + Level 1.7 Short Blades
 + Level 2.8 Dodging
 + Level 4.6 Stealth
 + Level 2.2 Spellcasting
 * Level 5.2 Hexes


You couldn't memorise any spells.
You knew the following spells:

 Your Spells              Type           Power        Failure   Level  Hunger
a - Corona                Hex            ###....      1%          1    #......
b - Ensorcelled Hibernat  Hex/Ice        ##....       12%         2    ##.....
c - Confuse               Hex            ###.....     10%         3    ###....


Dungeon Overview and Level Annotations

Branches:
Dungeon (2/15)

Altars:

Annotations:
D:2 Ijyb, Robin


Innate Abilities, Weirdness & Mutations

Your natural rate of healing is unusually fast.
You have razor-sharp teeth.
You have supernaturally acute eyesight.
You can survive without breathing.


Message History

You see here a scroll labeled RUVEZE OVEOMAS.
j - a scroll labeled RUVEZE OVEOMAS A gnoll comes into view.
It is wielding a spear.
The gnoll shouts!
Ijyb the Twisted Goblin comes into view.
The gnoll barely misses you.
There is an open door here.
Casting: Ensorcelled Hibernation
Confirm with . or Enter, or press ? or * to list all spells.
Aiming: Ensorcelled Hibernation
Press: ? - help, Shift-Dir - straight line, f - gnoll
Aim: a gnoll, wielding a halberd (chance to defeat MR: 50%)
The gnoll looks drowsy...
The gnoll shouts!
The gnoll hits you but does no damage. The gnoll hits you with a halberd!
Ouch! That really hurt!
You hit the gnoll but do no damage. The gnoll hits you with a halberd!
Ouch! That really hurt!
You die...

###
###########.#
#..g@.......#
#g#########.#
#.# #.#
####g#### #.#
#.......# #.#
#.......+
#.#########
#.......#
#..........
#.........
###########
#.......##.#
#....


You could see 2 gnolls.

Vanquished Creatures
  2 oozes (D:1)
  3 giant geckos
  A ball python (D:1)
  7 hobgoblins (D:1)
  4 kobolds
  2 bats (D:1)
  A giant cockroach (D:1)
  3 giant newts (D:1)
  6 goblins
  6 rats (D:1)
35 creatures vanquished.

Notes
Turn   | Place    | Note
--------------------------------------------------------------
     0 | D:1      | inmateoo the Vampire Enchanter began the quest for the Orb.
     0 | D:1      | Reached XP level 1. HP: 13/13 MP: 3/3
   265 | D:1      | Reached XP level 2. HP: 13/19 MP: 5/5
   270 | D:1      | Learned a level 2 spell: Ensorcelled Hibernation
   875 | D:1      | Reached skill level 5 in Hexes
   875 | D:1      | Reached XP level 3. HP: 10/24 MP: 6/6
   880 | D:1      | Learned a level 3 spell: Confuse
  1036 | D:2      | Noticed Robin
  1232 | D:2      | Noticed Ijyb
  1245 | D:2      | Mangled by a gnoll

Action                   || total
-------------------------++-------
Melee: Dagger            ||   102
 Cast: Ensorcelled Hiber ||     5
 Stab: Sleeping          ||    13
  Eat: Corpse            ||    13
